 Dungeon Crawl Stone Soup version 0.31-a0-532-g28f74ba3e5 (webtiles) character file.

Game seed: 2357741941289051600

942 LeprechaunX the Changeling (level 8, -2/81 HPs)
             Began as an Octopode Shapeshifter on Aug 13, 2023.
             Was an Initiate of Hepliaklqana.
             Slain by a gnoll bouda
             ... wielding a +0 whip
              (5 damage)
             ... on level 5 of the Dungeon.
             The game lasted 00:06:38 (4391 turns).

LeprechaunX the Changeling (Octopode Shapeshifter)  Turns: 4391, Time: 00:06:39

Health: -2/81      AC: 24    Str: 19    XL:     8   Next: 12%
Magic:  0/10       EV:  2    Int: 22    God:    Hepliaklqana [......]
Gold:   302        SH:  0    Dex: 13    Spells: 7/7 levels left

rFire   . . .        i - +9 dagger of Webb {freeze, Str+3}
rCold   . . .        (no shield)
rNeg    . . .        (helmet currently unavailable)
rPois   +            t - amulet of guardian spirit
rElec   .            r - ring of flight
rCorr   .            j - +6 ring of intelligence
SInv    .            n - +6 ring of intelligence
Will    .....        (no ring)
Stlth   +            (no ring)
HPRegen 0.33/turn    (no ring)
MPRegen 0.12/turn    (no ring)
                     (no ring)

%: guardian spirit
@: brilliant, lethally poisoned (-2 -> -4), tree-form, marked, attractive
A: stationary, stasis, torment immunity, boosted hp, almost no armour,
(amphibious), 8 rings, (camouflage 1), (gelatinous body 1), (nimble swimmer 1),
(tentacles)
a: Renounce Religion


You were on level 5 of the Dungeon.
You worshipped Hepliaklqana.
Hepliaklqana was noncommittal.
You were a tree.
You visited 2 branches of the dungeon, and saw 6 of its levels.

You collected 302 gold pieces.

Inventory:

Hand Weapons
 i - the +9 dagger of Webb (weapon) {freeze, Str+3}
   (You found it on level 2 of the Dungeon)

   Str+3:     It affects your strength (+3).
Missiles
 g - a throwing net
Jewellery
 j - a +6 ring of intelligence (right branch)
 n - a +6 ring of intelligence (on tentacle)
 r - a ring of flight (left branch)
 t - an amulet of guardian spirit (around neck)
Talismans
 b - a beast talisman
 c - a flux talisman
 m - a storm talisman
Scrolls
 h - 4 scrolls of identify {unknown}
 o - a scroll of amnesia {unknown}
 p - a scroll of revelation {unknown}
 q - 3 scrolls of immolation {unknown}
 s - a scroll of vulnerability {unknown}
 w - a scroll of fog {unknown}
 x - a scroll of teleportation {unknown}
 y - a scroll of silence {unknown}
Potions
 d - a potion of curing {unknown}
 e - a potion of brilliance
 f - a potion of attraction
 k - a potion of invisibility {unknown}
 l - a potion of might {unknown}
 u - 2 potions of heal wounds
 v - a potion of mutation {unknown}


   Skills:
 + Level 3.9 Fighting
 + Level 4.3 Dodging
 - Level 5.0 Unarmed Combat
 + Level 2.8 Invocations
 * Level 5.2 Shapeshifting


You had 7 spell levels left.
You didn't know any spells.
Your spell library contained the following spells:

 Spells                   Type           Power      Damage    Failure   Level
 Ensorcelled Hibernation  Hex/Ice        0%         N/A       26%         2
 Lesser Beckoning         Tloc           0%         N/A       26%         2
 Gell's Gravitas          Tloc           0%         N/A       45%         3
 Teleport Other           Tloc           0%         N/A       45%         3
 Tukima's Dance           Hex            0%         N/A       45%         3
 Anguish                  Hex/Necr       0%         N/A       86%         4
 Passage of Golubria      Tloc           0%         N/A       86%         4
 Yara's Violent Unravell  Hex/Tmut       0%         3d3       99%         5


Dungeon Overview and Level Annotations

Branches:
Dungeon (5/15)             Temple (1/1) D:4

Altars:
Ashenzari
Cheibriados
Elyvilon
Fedhas
Gozag
Hepliaklqana
Kikubaaqudgha
Makhleb
Nemelex Xobeh
Okawaru
Qazlal
Ru
Sif Muna
Trog
Uskayaw
Vehumet
Wu Jian
Xom
Yredelemnul
Zin
The Shining One

Shops:
D:2 [

Annotations:
D:5 Eustachio


Innate Abilities, Weirdness & Mutations

You are a tree.
Your roots penetrate the ground, keeping you stationary.
You cannot be teleported.
You are immune to unholy pain and torment.
Your maximum health is greatly increased.
You cannot wear most types of armour.
((You are amphibious.))
You can wear up to eight rings at the same time.
((Your skin changes colour to match your surroundings (Stealth+).))
((Your rubbery body absorbs attacks. (AC +1, EV +1)))
((You are camouflaged when in or above water. (Stealth+)))
((You have tentacles for arms and can constrict up to eight enemies at once.))


Message History

You feel very sick. The gnoll hits you but does no damage.
The gnoll barely misses you.
You puncture the gnoll! You freeze the gnoll.
You kill the gnoll!
* * * LOW HITPOINT WARNING * * *
You feel very sick. The gnoll hits you but does no damage.
The gnoll is attracted toward you. x2
The gnoll bouda is attracted toward you.
Something is attracted toward you. x2
You closely miss the gnoll.
You feel sick.
The gnoll hits you with a +0 halberd of protection.
* * * LOW HITPOINT WARNING * * *
You puncture the gnoll! You freeze the gnoll.
You kill the gnoll!
* * * LOW HITPOINT WARNING * * *
You feel sick.
A scorpion comes into view.
Eustachio is attracted toward you. The gnoll is attracted toward you. x2
You hit the gnoll but do no damage.
* * * LOW HITPOINT WARNING * * *
You feel sick. The gnoll barely misses you.
Eustachio mumbles some strange words.
Eustachio blinks!
Unknown command.
You barely miss the gnoll.
* * * LOW HITPOINT WARNING * * *
You feel sick. The gnoll hits you but does no damage.
Eustachio mumbles some strange words.
You puncture the gnoll! You freeze the gnoll. You punch the gnoll.
You kill the gnoll!
* * * LOW HITPOINT WARNING * * *
You feel sick.
A phantom comes into view.
The gnoll is attracted toward you. x2; The phantom is attracted toward you.
You hit the gnoll bouda. You freeze the gnoll bouda.
The gnoll bouda is moderately wounded.
* * * LOW HITPOINT WARNING * * *
You feel sick.
The gnoll bouda hits you with a +0 whip!
You die...

#........)..
#........###
#........####
#............
#........####
####.#......#
#.#.####.#
#.#.#..#
#♣#.#..#
#g#.#..#
#@#.#..#
#g#.#..#
#g#.#..#
#####W#.#..#
#...Ws.....#
#.###.#.#.##
#.#g#...


You could see Eustachio, a phantom, a gnoll bouda and 2 gnolls.

Vanquished Creatures
  Grinder (D:5)
  A black bear (D:4)
  An ogre (D:4)
  A phantom (D:4)
  3 scorpions (D:5)
  Natasha (twice) (D:4)
  2 iguanas (D:4)
  Robin (D:4)
  3 gnolls (D:5)
  5 adders
  3 worms
  5 dart slugs
  An orc (D:4)
  9 bats
  7 endoplasms
  2 giant cockroaches (D:1)
  7 hobgoblins
  7 jackals
  6 quokkas
  8 ball pythons
  5 frilled lizards
  21 goblins
  5 kobolds
  9 rats
115 creatures vanquished.

Notes
Turn   | Place    | Note
-------+----------+-------------------------------------------
     0 | D:1      | LeprechaunX the Octopode Shapeshifter began the quest for
                  | the Orb.
     0 | D:1      | Reached XP level 1. HP: 13/13 MP: 1/1
    91 | D:1      | Reached XP level 2. HP: 10/18 MP: 2/2
   533 | D:1      | Reached XP level 3. HP: 18/23 MP: 3/3
  1055 | D:2      | Identified the +9 dagger of Webb {freeze, Str+3}
  1179 | D:2      | Reached XP level 4. HP: 28/29 MP: 4/4
  1677 | D:2      | Found Xiety's Armour Shop.
  2460 | D:3      | Reached XP level 5. HP: 31/34 MP: 5/5
  2606 | D:4      | Noticed Natasha
  2612 | D:4      | Killed Natasha
  2725 | D:4      | Found a staircase to the Ecumenical Temple.
  2742 | Temple   | Entered the Ecumenical Temple
  2789 | Temple   | Became a worshipper of Hepliaklqana the Forgotten
  2841 | D:4      | Noticed Robin
  2859 | D:4      | Noticed Natasha
  2871 | D:4      | Killed Robin
  2872 | D:4      | Reached XP level 6. HP: 24/41 MP: 3/6
  3023 | D:4      | Noticed a black bear
  3084 | D:4      | Killed a black bear
  3085 | D:4      | Reached skill level 1 in Invocations
  3109 | D:4      | Identified the +1 pair of boots "Uloif" {Drain rElec rF-
                  | Regen+}
  3471 | D:4      | Reached XP level 7. HP: 24/46 MP: 4/8
  4117 | D:4      | Killed Natasha
  4254 | D:5      | Entered Level 5 of the Dungeon
  4262 | D:5      | Noticed Grinder
  4271 | D:5      | Killed Grinder
  4362 | D:5      | Reached skill level 5 in Shapeshifting
  4378 | D:5      | Noticed Eustachio
  4381 | D:5      | Reached skill level 5 in Unarmed Combat
  4381 | D:5      | Reached XP level 8. HP: 18/54 MP: 1/9
  4389 | D:5      | HP: 4/81 [poisoned by a scorpion]
  4391 | D:5      | Slain by a gnoll bouda

Illustrated notes

Levels and vault maps discovered:
D:1:      dpeg_arrival_simpleton_b, layout_basic
D:2:      minmay_chambers_of_twos, layout_basic, serial_shops, shop
D:3:      minmay_evil_eye, layout_basic, chequers_serial_rivers_small_b,
          minmay_distorted
D:4:      layout_layer_cave, minmay_temple_entry_overgrown, minmay_diced_spiral,
          uniq_robin, uniq_natasha
D:5:      layout_basic, uniq_eustachio, uniq_grinder
Temple:   kilobyte_greek_temple

Skill      XL: |  1  2  3  4  5  6  7 |
---------------+----------------------+-----
Fighting       | 2 3 |  3.9
Unarmed Combat | 4 5 |  5.0
Dodging        | 3 4 |  4.3
Shapeshifting  | 4 5 |  5.2
Invocations    | 1 2 |  2.8

Action                     |  1- 3 |  4- 6 |  7- 9 || total
---------------------------+-------+-------+-------++-------
  Melee: Unarmed           |    51 |       |       ||    51
         Tentacles         |    11 |    15 |     6 ||    32
         Constrict         |    18 |    22 |     5 ||    45
         Punch             |     2 |     1 |     2 ||     5
         Dagger            |    12 |   102 |    26 ||   140
    Use: Potion            |       |       |     4 ||     4
   Stab: Sleeping          |     5 |     8 |     1 ||    14
         Distracted        |       |     1 |       ||     1
 Armour: Skin              |     7 |     5 |     5 ||    17
  Dodge: Dodged            |    42 |    44 |    17 ||   103

Table legend: (Time is in decaauts)
 A = Elapsed time spent in this place.
 B = Non-inter-level travel time spent in this place.
 C = Inter-level travel time spent in this place.
 D = Time resting spent in this place.
 E = Time spent auto-exploring this place.
 F = Levels seen in this place.
 G = Mean time per level.
                   A        B        C        D        E       F      G
               +--------+--------+--------+--------+--------+-----+--------+
         Total |   4397 |   4156 |    241 |    226 |   3237 |   6 |  732.8 |
       Dungeon |   4309 |   4134 |    175 |    226 |   3237 |   5 |  861.8 |
        Temple |     87 |     21 |     66 |      0 |      0 |   1 |   87.0 |
               +--------+--------+--------+--------+--------+-----+--------+

Top non-repeatable levels by time:
     D:4: 1639 daAuts
     D:2: 1074 daAuts
     D:1: 890 daAuts
     D:3: 568 daAuts
     D:5: 136 daAuts
  Temple: 87 daAuts
